 Dungeon Crawl Stone Soup version 0.28-a0-1518-gbe868bca14 (webtiles) character file.

Game seed: 3295160275667739942

136472 Zozzzanor the Peltast (level 16, -7/95 HPs)
             Began as a Vine Stalker Fighter on Dec 28, 2021.
             Was a High Priest of Jiyva.
             Mangled by a salamander (12 damage)
             ... on level 4 of the Snake Pit on Jan 17, 2022.
             The game lasted 02:01:27 (22455 turns).

Zozzzanor the Peltast (Vine Stalker Fighter)       Turns: 22455, Time: 02:01:30

Health: -7/95      AC: 16    Str: 27    XL:     16   Next: 90%
Magic:  0/17       EV:  9    Int:  8    God:    Jiyva [*****.]
Gold:   384        SH: 16    Dex: 23    Spells: 15/15 levels left

rFire   + . .      SeeInvis +   l - +8 woodcutter's axe {vorpal}
rCold   . . .      Faith    .   s - +0 kite shield
rNeg    . . .      Spirit   +   Q - +1 chain mail of the Other Side {Str-2 SInv Stlth+}
rPois   +          Reflect  .   (helmet restricted)
rElec   +          Harm     .   Y - scarf {repulsion}
rCorr   +          Rampage  .   A - +0 pair of gloves
Will    ++...                   x - +0 pair of boots
Stlth   +.........              (no amulet)
HPRegen 2.49/turn               b - ring of Satyriasis {rElec rCorr Dex+3}
MPRegen 0.60/turn               X - ring of the Tempest {rPois Dex+6}

@: lethally poisoned (-7 -> -8), slowed, repel missiles, very slow
A: fangs 3, regeneration 1, magic shield, antimagic bite, no potion heal 2,
antennae 2, iridescent scales 1, deformed body, dopey 1, fire resistance 1,
sense surroundings 3, robust 1, strong 2, wild magic 2, eyeballs 1, gelatinous
body 1, pseudopods 1, tendrils
}: 1/15 runes: slimy
a: Renounce Religion, Oozemancy, Slimify


You were on level 4 of the Snake Pit.
You worshipped Jiyva.
Jiyva was extremely pleased with you.
You visited 7 branches of the dungeon, and saw 30 of its levels.

You collected 1611 gold pieces.
You spent 1227 gold pieces at shops.

Inventory:

Hand Weapons
 l - the +8 woodcutter's axe (weapon) {vorpal}
   (You took it off a gnoll on level 2 of the Dungeon)

   It inflicts extra damage upon your enemies.
Missiles
 K - a throwing net (quivered)
Armour
 c - a +0 buckler
 p - a +0 tower shield
 s - a +0 kite shield (worn)
 w - a +1 robe of willpower
 x - a +0 pair of boots (worn)
 A - a +0 pair of gloves (worn)
 C - +0 fire dragon scales
 F - a +1 cloak
 P - the +2 hat of the Bear Spirit {Spirit, *Rage Will++}
   (You found it on level 5 of the Pits of Slime)

   Going berserk makes the wearer tougher, and they're slowed less afterward.
   *Rage:     It berserks you when you make melee attacks (+20% chance).
   Will:      It greatly increases your willpower.
 Q - the +1 chain mail of the Other Side (worn) {Str-2 SInv Stlth+}
   (You found it on level 5 of the Pits of Slime)

   Str:       It affects your strength (-2).
   SInv:      It lets you see invisible.
   Stlth:     It makes you more stealthy.
 S - an orb of mayhem
 U - a +0 troll leather armour
 Y - a scarf of repulsion (worn)
Magical Staves
 R - a staff of conjuration
Jewellery
 a - a ring of magical power
 b - the ring of Satyriasis (left hand) {rElec rCorr Dex+3}
   (You bought it in a shop on level 1 of the Snake Pit)

   [ring of resist corrosion]

   Dex:       It affects your dexterity (+3).
   rElec:     It insulates you from electricity.
   rCorr:     It protects you from acid and corrosion.
 H - a ring of fire
 M - a +4 ring of protection
 X - the ring of the Tempest (right hand) {rPois Dex+6}
   (You found it on level 1 of the Orcish Mines)

   [ring of dexterity]

   Dex:       It affects your dexterity (+6).
   rPois:     It protects you from poison.
Wands
 N - a wand of mindburst (10)
 O - a wand of charming (9)
 T - a wand of polymorph (3)
 W - a wand of flame (6)
Scrolls
 f - 3 scrolls of identify
 h - 3 scrolls of teleportation
 r - 3 scrolls of magic mapping
 u - a scroll of enchant weapon {unknown}
 y - 3 scrolls of immolation
 B - a scroll of fear
 D - 2 scrolls of vulnerability
 E - a scroll of blinking
 I - 2 scrolls of fog {unknown}
 J - 2 scrolls of holy word {unknown}
 L - a scroll of amnesia
Potions
 d - 2 potions of might
 e - 5 potions of attraction
 g - 3 potions of magic
 i - 4 potions of brilliance
 j - 4 potions of haste
 k - 2 potions of flight {unknown}
 m - 3 potions of lignification {unknown}
 n - 9 potions of curing
 o - 2 potions of cancellation {unknown}
 q - 3 potions of ambrosia {unknown}
 t - 4 potions of mutation
 V - a potion of degeneration {unknown}
 Z - a potion of berserk rage


   Skills:
 - Level 11.0 Fighting
 - Level 2.5 Long Blades
 - Level 11.0 Axes
 - Level 15.1 Armour
 - Level 4.2 Stealth
 * Level 16.6 Shields


You had 15 spell levels left.
You didn't know any spells.
Your spell library contained the following spells:

 Spells                   Type           Power      Damage    Failure   Level
 Tukima's Dance           Hex            0%         N/A       100%        3
 Flame Wave               Conj/Fire      0%         2d4       100%        4
 Passage of Golubria      Tloc           0%         N/A       100%        4
 Summon Ice Beast         Ice/Summ       0%         N/A       100%        4
 Blade Hands              Tmut           0%         N/A       100%        5
 Irradiate                Conj/Tmut      0%         3d13      100%        5
 Summon Forest            Summ/Tloc      0%         N/A       100%        5
 Summon Mana Viper        Hex/Summ       0%         N/A       100%        5
 Yara's Violent Unravell  Hex/Tmut       0%         3d3       100%        5
 Starburst                Conj/Fire      0%         6d3       100%        6
 Summon Cactus Giant      Summ           0%         N/A       100%        6
 Dragon Form              Tmut           0%         N/A       100%        7
 Monstrous Menagerie      Summ           0%         N/A       100%        7


Dungeon Overview and Level Annotations

Branches:
Dungeon (11/15)            Temple (0/1) D:5            Lair (6/6) D:8
  Snake (4/4) Lair:4       Spider (1/4) Lair:2        Slime (5/5) Lair:6
    Orc (2/2) D:11            Elf (0/3) Orc:2          Hell (visited)
  Swamp: Lair:2-4    Shoals: Lair:2-4       Dis: Hell:1         Geh: Hell:1
    Coc: Hell:1         Tar: Hell:1

Altars:
Elyvilon
Gozag
Makhleb
Trog
Beogh
Jiyva

Shops:
Orc:2 =:![   Snake:1 :==

Portals:
Hell: Lair:6

Annotations:
Slime:5 Royal Jelly


Innate Abilities, Weirdness & Mutations

You have razor-sharp teeth.
Your natural rate of healing is unusually fast.
When hurt, damage is shared between your health and your magic reserves.
Your bite disrupts and absorbs the magic of your enemies.
Potions cannot restore your health.
You have a pair of antennae on your head.
You are partially covered in iridescent scales. (AC +2)
Armour fits poorly on your strangely shaped body.
You are dopey. (Int -2)
Your flesh is heat resistant. (rF+)
You passively map a large area around you.
You are robust. (+10% HP)
Your muscles are very strong. (Str +4)
Your spells are harder to cast, but more powerful.
Your body has grown eyes which may confuse attackers. (Acc +3)
Your rubbery body absorbs attacks. (AC +1, EV +1)
Armour fits poorly on your pseudopods.
You are covered in slimy tendrils that may disarm your opponents.


Message History

The salamander hits you from afar with a +0 trident.
You are engulfed in flames!
You resist. You block the anaconda's attack. The anaconda constricts you.
The naga sharpshooter shoots an arrow.
You block the arrow.
The salamander hits you from afar with a +0 trident.
* * * LOW HITPOINT WARNING * * *
You are engulfed in flames.
You resist.
* * * LOW HITPOINT WARNING * * *
The black mamba barely misses you.
The eyeballs on your body gaze at the black mamba.
Unknown command.
The anaconda's grasp on you weakens, but your attempt to escape fails.
You block the anaconda's attack. The anaconda bites you.
* * * LOW HITPOINT WARNING * * *
The eyeballs on your body gaze at the anaconda.
The anaconda constricts you.
The anaconda bites you but does no damage. x2
The anaconda constricts you.
* * * LOW HITPOINT WARNING * * *
The black mamba completely misses you. The naga mage spits poison at you.
The splash of poison is repelled.
The splash of poison hits the black mamba.
The black mamba completely resists.
The black mamba bites you!
* * * LOW HITPOINT WARNING * * *
You are poisoned.
The black mamba poisons you! You block the salamander's attack.
The anaconda bites you!
* * * LOW HITPOINT WARNING * * *
The eyeballs on your body gaze at the anaconda.
The anaconda constricts you.
The black mamba bites you but does no damage.
You block the naga mage's attack.
You escape the anaconda's grasp.
You feel very sick.
The anaconda bites the black mamba!
You block the black mamba's attack.
The naga ritualist mumbles some strange prayers to its god.
The naga ritualist begins to radiate toxic energy.
The salamander hits you from afar with a +0 trident!
You die...

* ...........###### ,
,,................#####
* ,
.....................* ,
, .....................
* , , ................#
* , * ,,
,#.............### , , ,
* #.......NNN....#** , ,
,, #####...)...NS#.N...,
*** ,,
##..........@SS..#..N ,
,
*##.........###S.S..#,.
,
####............####.##*
,,, ......#.........##*
## , ,,
....###......##... *, *
, .####........# .... *
, * .##..........#.....
* .#................ ***
, .#..........#....# *,
*


You could see a naga sharpshooter (curare, catching breath), a salamander, 2
anacondas, a naga ritualist (toxic aura), 3 black mambas, a naga mage and a
naga.

Vanquished Creatures
  Gastronok (Lair:2)
  8 nagarajas
  A very ugly thing (D:10)
  The ghost of Clumpoid the Brawler, a journeyman TrMo of Kikubaaqudgha (Orc:1)
  8 naga warriors
  2 ogre magi (Orc:2)
  Erolcha (D:9)
  Erica (D:11)
  4 anacondas
  A centaur warrior (D:9)
  11 two-headed ogres
  2 death yaks
  7 shock serpents
  8 naga sharpshooters
  A sun demon (Lair:6)
  2 salamander mystics (Snake:3)
  3 sea snakes (Snake:3)
  2 deep trolls
  6 naga ritualists
  3 wizards
  An orc knight (Orc:1)
  4 mana vipers
  2 orc sorcerers (Orc:1)
  A wolf spider (Lair:2)
  6 ugly things (D:10)
  3 cyclopes (Orc:2)
  14 salamanders
  20 elephants
  19 naga magi
  A smoke demon (Lair:6)
  2 torpor snails
  3 guardian serpents
  11 cane toads
  28 black mambas
  3 orange demons (Lair:6)
  A gargoyle (D:9)
  10 komodo dragons
  6 rime drakes
  An ice devil (Lair:6)
  2 red devils (Lair:6)
  A queen bee (shapeshifter) (D:9)
  10 trolls
  2 polar bears (Lair:6)
  3 hornets (D:9)
  Grinder (D:3)
  A tarantella (Spider:1)
  15 blink frogs
  A jumping spider (Lair:2)
  A shadow (D:10)
  6 wyverns
  48 yaks
  5 basilisks
  4 neqoxecs (Orc:1)
  A redback (Lair:2)
  2 wargs (Orc:2)
  A steam dragon (D:7)
  A vampire mosquito (D:8)
  Edmund (D:5)
  22 nagas
  15 water moccasins
  3 hell hounds (Lair:6)
  14 orc warriors
  A hornet zombie (D:6)
  A black bear (D:6)
  A sky beast (D:5)
  22 ogres
  9 wolves
  4 centaurs
  A phantom (D:4)
  2 kobold brigands
  8 bullfrogs
  4 scorpions
  2 gnoll sergeants
  A water moccasin zombie (D:3)
  3 water moccasin skeletons
  A jelly (Orc:2)
  8 killer bees (D:10)
  3 wights (D:9)
  An electric eel (Snake:3)
  2 bullfrog zombies
  6 centaur zombies
  3 quasits (Orc:1)
  2 hounds (D:4)
  Crazy Yiuf (D:7)
  12 orc priests
  A centaur skeleton (D:5)
  Natasha (twice) (D:3)
  19 orc wizards
  2 iguanas (D:5)
  22 hell rats
  The ghost of croobank the Covert, a weakling GnDe (D:4)
  A hound skeleton (D:4)
  6 adders
  6 gnolls
  A shadow imp (D:7)
  A white imp (D:5)
  3 ufetubi
  52 orcs
  2 ball pythons (D:4)
  2 bats
  3 endoplasms (D:1)
  A giant cockroach (D:4)
  4 hobgoblins
  A jackal (D:4)
  14 kobolds
  4 quokkas
  5 frilled lizards
  3 goblins
  6 rats
629 creatures vanquished.

Vanquished Creatures (collateral kills)
  Roxanne (Spider:1)
  A naga warrior (Snake:4)
  A boulder beetle (Spider:1)
  A salamander tyrant (Snake:2)
  A naga sharpshooter (Snake:4)
  2 salamanders (Snake:2)
  A black mamba (Lair:2)
  3 cane toads (Lair:2)
  A demonic crawler (Spider:1)
  A komodo dragon (Lair:1)
  A rime drake (Lair:2)
  A tarantella (Spider:1)
  A yak (Lair:2)
  2 bullfrogs (Lair:2)
18 creatures vanquished.

Vanquished Creatures (others)
  2 acid blobs
  2 naga warriors (Snake:4)
  A naga sharpshooter (Snake:1)
  2 mana vipers
  A guardian serpent (Snake:4)
  A black mamba (Lair:4)
  2 slime creatures
  A hornet (D:8)
  A yak (Lair:2)
  3 nagas
  A water moccasin (Lair:2)
  A necrophage (D:7)
  An ogre (Orc:2)
  A centaur (D:10)
  A scorpion (D:5)
  A killer bee (D:10)
  A centaur zombie (D:5)
  131 jellies
  An iguana (D:5)
  2 orc priests
  An orc wizard (Orc:2)
  Natasha (D:3)
  A killer bee zombie (D:9)
  An adder (D:5)
  3 gnolls (D:2)
  4 river rats (Lair:1)
  A worm (D:3)
  A dart slug (D:2)
  7 orcs
  2 endoplasms (D:4)
  A giant cockroach (D:4)
  A hobgoblin (D:4)
  A kobold (D:2)
  2 bats
  4 rats
  117 fungi
  130 plants
435 creatures vanquished.

Grand Total: 1082 creatures vanquished

Notes
Turn   | Place    | Note
-------+----------+-------------------------------------------
     0 | D:1      | Zozzzanor the Vine Stalker Fighter began the quest for the
                  | Orb.
     0 | D:1      | Reached XP level 1. HP: 11/11 MP: 2/2
    98 | D:1      | Reached XP level 2. HP: 7/16 MP: 1/3
  1090 | D:2      | Reached XP level 3. HP: 5/19 MP: 2/4
  1396 | D:2      | Found a faded altar of an unknown god.
  1402 | D:2      | Prayed at the altar of an unknown god.
  1402 | D:2      | Became a worshipper of Jiyva Joingico the Shapeless
  1402 | D:2      | Reached * piety under Jiyva
  1676 | D:2      | Reached skill level 3 in Shields
  1680 | D:2      | Noticed a gnoll sergeant
  1717 | D:2      | Killed a gnoll sergeant
  1718 | D:2      | Gained mutation: Your natural rate of healing is unusually
                  | fast. [Vine Stalker growth]
  1718 | D:2      | Reached XP level 4. HP: 9/24 MP: 2/5
  1768 | D:2      | Reached ** piety under Jiyva
  2424 | D:3      | Reached skill level 1 in Axes
  2424 | D:3      | Reached XP level 5. HP: 28/28 MP: 6/6
  2437 | D:3      | Noticed Natasha
  2457 | D:3      | Killed Natasha
  2522 | D:3      | Killed Natasha
  2655 | D:3      | Reached XP level 6. HP: 24/33 MP: 7/7
  2748 | D:3      | Noticed Natasha
  2759 | D:3      | Killed Natasha
  2760 | D:3      | Reached skill level 4 in Shields
  2836 | D:3      | Reached *** piety under Jiyva
  2875 | D:3      | Noticed Grinder
  2887 | D:3      | Killed Grinder
  2888 | D:3      | Reached XP level 7. HP: 38/38 MP: 6/8
  3211 | D:4      | Gained mutation: Your flesh is heat resistant. (rF+)
                  | [Jiyva's grace]
  3211 | D:4      | Gained mutation: Your flesh is very heat resistant. (rF++)
                  | [Jiyva's grace]
  3211 | D:4      | Gained mutation: Your flesh is almost immune to the effects
                  | of heat. (rF+++) [Jiyva's grace]
  3211 | D:4      | Gained mutation: You have a small jelly attached to you
                  | that may absorb projectiles. [Jiyva's grace]
  3248 | D:4      | Got the Almanac of Fire
  3428 | D:4      | Noticed croobank's ghost (weakling GnDe)
  3429 | D:4      | Found a transporter.
  3433 | D:4      | Found a transporter.
  3477 | D:4      | Killed croobank's ghost
  3478 | D:4      | Gained mutation: You have razor-sharp teeth. [Vine Stalker
                  | growth]
  3478 | D:4      | Reached XP level 8. HP: 37/42 MP: 7/9
  3646 | D:4      | Reached skill level 5 in Fighting
  3651 | D:4      | Reached **** piety under Jiyva
  3876 | D:4      | Found an opulent altar of Gozag.
  3925 | D:5      | Entered Level 5 of the Dungeon
  3942 | D:5      | Reached skill level 5 in Armour
  3995 | D:5      | Found a staircase to the Ecumenical Temple.
  4257 | D:5      | Noticed Edmund
  4262 | D:5      | Killed Edmund
  4279 | D:5      | You fall into a shaft and drop 2 floors!
  4394 | D:7      | Reached XP level 9. HP: 48/48 MP: 10/10
  4436 | D:6      | Reached ***** piety under Jiyva
  4811 | D:5      | Lost mutation: Your flesh is almost immune to the effects
                  | of heat. (rF+++) [Jiyva's grace]
  4811 | D:5      | Gained mutation: Armour fits poorly on your pseudopods.
                  | [Jiyva's grace]
  4811 | D:5      | Gained mutation: Armour fits poorly on your large
                  | pseudopods. [Jiyva's grace]
  4811 | D:5      | Gained mutation: Armour fits poorly on your massive
                  | pseudopods. [Jiyva's grace]
  4811 | D:5      | Gained mutation: You are covered in slimy tendrils that may
                  | disarm your opponents. [Jiyva's grace]
  4921 | D:6      | Reached skill level 5 in Axes
  5262 | D:6      | Found a white marble altar of Elyvilon.
  5580 | D:7      | Found a runed translucent door.
  5581 | D:7      | Noticed Crazy Yiuf
  5586 | D:7      | Killed Crazy Yiuf
  6135 | D:8      | Found a staircase to the Lair.
  6227 | D:8      | Reached XP level 10. HP: 52/53 MP: 9/11
  6405 | D:8      | Reached ****** piety under Jiyva
  6656 | D:8      | Lost mutation: Your flesh is very heat resistant. (rF++)
                  | [Jiyva's grace]
  6656 | D:8      | Lost mutation: Armour fits poorly on your massive
                  | pseudopods. [Jiyva's grace]
  6656 | D:8      | Gained mutation: Your translucent skin slightly reduces
                  | your foes' accuracy. (Stealth+) [Jiyva's grace]
  6656 | D:8      | Gained mutation: Your translucent skin reduces your foes'
                  | accuracy. (Stealth+) [Jiyva's grace]
  6656 | D:8      | Gained mutation: Your transparent skin significantly
                  | reduces your foes' accuracy. (Stealth+) [Jiyva's grace]
  6656 | D:8      | Gained mutation: Your body has grown eyes which may confuse
                  | attackers. (Acc +3) [Jiyva's grace]
  7060 | D:9      | Noticed a centaur warrior
  7151 | Lair:1   | Entered Level 1 of the Lair of Beasts
  7962 | Lair:2   | Noticed an elephant
  7973 | Lair:2   | Noticed a black mamba
  7979 | Lair:2   | Killed a black mamba
  7988 | Lair:2   | Noticed a cane toad
  7990 | Lair:2   | Reached XP level 11. HP: 51/60 MP: 10/12
  8092 | Lair:2   | Noticed an eight-headed hydra
  8096 | Lair:2   | Slimified an eight-headed hydra
  8096 | Lair:2   | Noticed an acid blob
  8096 | Lair:2   | an eight-headed hydra changed into an acid blob
  8119 | Lair:2   | HP: 3/60 [poisoned by a redback]
  8139 | Lair:2   | Noticed Gastronok
  8168 | Lair:2   | Upgraded the game from 0.28-a0-1339-ga5422284a4 to
                  | 0.28-a0-1356-g2ad6d04315
  8178 | Lair:2   | Reached skill level 10 in Armour
  8255 | Lair:2   | Killed an acid blob
  8311 | Lair:2   | Found a hole to the Spider Nest.
  8402 | Lair:2   | Noticed Sonja
  8424 | Lair:2   | Slimified Sonja
  8424 | Lair:2   | Noticed Sonja
  8424 | Lair:2   | Sonja changed into Sonja the slime creature
  8487 | Lair:2   | Lost mutation: Your transparent skin significantly reduces
                  | your foes' accuracy. (Stealth+) [Jiyva's grace]
  8487 | Lair:2   | Gained mutation: You are robust. (+10% HP) [Jiyva's grace]
  8487 | Lair:2   | Gained mutation: You are very robust. (+20% HP) [Jiyva's
                  | grace]
  8487 | Lair:2   | Gained mutation: You are extremely robust. (+30% HP)
                  | [Jiyva's grace]
  8487 | Lair:2   | Gained mutation: You have a small jelly attached to you
                  | that senses nearby items. [Jiyva's grace]
  8653 | Lair:2   | Killed Gastronok
  8791 | Lair:3   | Noticed a five-headed hydra
  8796 | Lair:3   | Slimified a five-headed hydra
  8796 | Lair:3   | Noticed an azure jelly
  8796 | Lair:3   | a five-headed hydra changed into an azure jelly
  9050 | Lair:3   | Reached XP level 12. HP: 85/85 MP: 13/13
  9106 | Lair:3   | Noticed a four-headed hydra
  9116 | Lair:3   | Slimified a five-headed hydra
  9116 | Lair:3   | Noticed an acid blob
  9116 | Lair:3   | a five-headed hydra changed into an acid blob
  9396 | Lair:4   | Noticed a death yak
  9416 | Lair:3   | Killed a death yak
  9558 | Lair:4   | Found a staircase to the Snake Pit.
  9634 | Lair:4   | Reached skill level 10 in Fighting
  9672 | Lair:4   | Noticed a six-headed hydra
  9675 | Lair:4   | Slimified a six-headed hydra
  9675 | Lair:4   | Noticed an acid blob
  9675 | Lair:4   | a six-headed hydra changed into an acid blob
  9816 | Lair:4   | Noticed a six-headed hydra
  9821 | Lair:4   | Slimified a six-headed hydra
  9821 | Lair:4   | Noticed an acid blob
  9821 | Lair:4   | a six-headed hydra changed into an acid blob
  9973 | Lair:4   | Noticed a six-headed hydra
 10000 | Lair:4   | Slimified a six-headed hydra
 10000 | Lair:4   | Noticed an azure jelly
 10000 | Lair:4   | a six-headed hydra changed into an azure jelly
 10431 | Lair:5   | Reached XP level 13. HP: 54/93 MP: 14/14
 10443 | Lair:5   | Upgraded the game from 0.28-a0-1356-g2ad6d04315 to
                  | 0.28-a0-1387-g3a22ab9bdc
 10646 | Lair:5   | Lost mutation: Your flesh is heat resistant. (rF+) [Jiyva's
                  | grace]
 10646 | Lair:5   | Lost mutation: You are extremely robust. (+30% HP) [Jiyva's
                  | grace]
 10646 | Lair:5   | Lost mutation: Armour fits poorly on your large pseudopods.
                  | [Jiyva's grace]
 10646 | Lair:5   | Gained mutation: Your melee attacks may engulf your foes in
                  | ooze. [Jiyva's grace]
 10646 | Lair:5   | Gained mutation: Your muscles are strong. (Str +2) [Jiyva's
                  | grace]
 10646 | Lair:5   | Gained mutation: Your muscles are very strong. (Str +4)
                  | [Jiyva's grace]
 10646 | Lair:5   | Gained mutation: Your body has grown many eyes which may
                  | confuse attackers. (Acc +5) [Jiyva's grace]
 10712 | Lair:5   | Reached skill level 10 in Axes
 11274 | Lair:6   | Entered Level 6 of the Lair of Beasts
 11471 | Lair:6   | Found a staircase to the Slime Pits.
 11479 | Slime:1  | Entered Level 1 of the Pits of Slime
 11853 | Slime:1  | Noticed an acid blob
 11892 | Slime:2  | Noticed an azure jelly
 11911 | Slime:2  | Noticed a great orb of eyes
 11912 | Slime:2  | Noticed an acid blob
 12109 | Slime:2  | Noticed a rockslime
 12186 | Slime:3  | Noticed an acid blob
 12194 | Slime:3  | Noticed a great orb of eyes
 12204 | Slime:3  | Lost mutation: Your body has grown many eyes which may
                  | confuse attackers. (Acc +5) [Jiyva's grace]
 12204 | Slime:3  | Lost mutation: Your translucent skin reduces your foes'
                  | accuracy. (Stealth+) [Jiyva's grace]
 12204 | Slime:3  | Lost mutation: Your melee attacks may engulf your foes in
                  | ooze. [Jiyva's grace]
 12204 | Slime:3  | Gained mutation: Your translucent skin reduces your foes'
                  | accuracy. (Stealth+) [Jiyva's grace]
 12204 | Slime:3  | Gained mutation: Your transparent skin significantly
                  | reduces your foes' accuracy. (Stealth+) [Jiyva's grace]
 12204 | Slime:3  | Gained mutation: You are partially covered in iridescent
                  | scales. (AC +2) [Jiyva's grace]
 12204 | Slime:3  | Gained mutation: You are mostly covered in iridescent
                  | scales. (AC +4) [Jiyva's grace]
 12291 | Slime:3  | Noticed a rockslime
 12486 | Slime:4  | Noticed an acid blob
 12488 | Slime:4  | Noticed a quicksilver ooze
 12489 | Slime:4  | Noticed a quicksilver ooze
 12501 | Slime:4  | Noticed an acid blob
 12502 | Slime:4  | Noticed a quicksilver ooze
 12505 | Slime:4  | Noticed a rockslime
 12512 | Slime:4  | Noticed a great orb of eyes
 12556 | Slime:4  | Noticed a rockslime
 12725 | Slime:5  | Entered Level 5 of the Pits of Slime
 12744 | Slime:5  | Found a viscous altar of Jiyva.
 12745 | Slime:5  | Noticed an acid blob
 12745 | Slime:5  | Noticed a great orb of eyes
 12745 | Slime:5  | Noticed an acid blob
 12745 | Slime:5  | Noticed an acid blob
 12746 | Slime:5  | Noticed a rockslime
 12746 | Slime:5  | Noticed an acid blob
 12747 | Slime:5  | Noticed the Royal Jelly
 12747 | Slime:5  | Noticed an acid blob
 12753 | Slime:5  | Noticed an acid blob
 12753 | Slime:5  | Noticed a rockslime
 12753 | Slime:5  | Found the +2 hat of the Bear Spirit {Spirit, *Rage Will++}
 12756 | Slime:5  | Noticed an acid blob
 12782 | Slime:5  | Got a slimy rune of Zot
 12783 | Slime:5  | Identified the +1 chain mail of the Other Side {Str-2 SInv
                  | Stlth+}
 12828 | Slime:5  | Noticed an acid blob
 12832 | Slime:5  | Noticed a rockslime
 12854 | Slime:5  | Noticed an acid blob
 12858 | Slime:5  | Noticed an azure jelly
 12904 | Slime:5  | Lost mutation: Your transparent skin significantly reduces
                  | your foes' accuracy. (Stealth+) [Jiyva's grace]
 12904 | Slime:5  | Lost mutation: You have a small jelly attached to you that
                  | may absorb projectiles. [Jiyva's grace]
 12904 | Slime:5  | Gained mutation: Your flesh is cold resistant. (rC+)
                  | [Jiyva's grace]
 12904 | Slime:5  | Gained mutation: Your flesh is very cold resistant. (rC++)
                  | [Jiyva's grace]
 12904 | Slime:5  | Gained mutation: Your flesh is almost immune to the effects
                  | of cold. (rC+++) [Jiyva's grace]
 12904 | Slime:5  | Gained mutation: Armour fits poorly on your large
                  | pseudopods. [Jiyva's grace]
 12904 | Slime:5  | Noticed a great orb of eyes
 12907 | Slime:5  | Noticed an acid blob
 12909 | Slime:5  | Noticed an azure jelly
 12919 | Slime:5  | Noticed a quicksilver ooze
 13289 | Lair:6   | Noticed an acid blob
 13289 | Lair:6   | an eight-headed hydra changed into an acid blob
 13454 | Lair:6   | Reached skill level 5 in Shields
 13563 | Lair:6   | Found a burning altar of Makhleb.
 13752 | Lair:6   | Reached skill level 6 in Shields
 13925 | Lair:6   | Reached XP level 14. HP: 31/94 MP: 15/15
 13955 | Lair:6   | Found a gateway to Hell.
 13968 | Hell     | Entered the Vestibule of Hell
 13969 | Hell     | Noticed a cacodemon
 14411 | Spider:1 | Entered Level 1 of the Spider Nest
 14411 | Spider:1 | Noticed Roxanne
 14428 | Spider:1 | Killed Roxanne
 14434 | Spider:1 | Reached skill level 7 in Shields
 14442 | Spider:1 | HP: 3/94 [disintegration (62)]
 14782 | D:9      | Noticed Erolcha
 14795 | D:9      | Killed Erolcha
 14872 | D:9      | Reached skill level 8 in Shields
 15154 | D:10     | Entered Level 10 of the Dungeon
 15327 | D:10     | Lost mutation: You are mostly covered in iridescent scales.
                  | (AC +4) [Jiyva's grace]
 15327 | D:10     | Lost mutation: Your translucent skin reduces your foes'
                  | accuracy. (Stealth+) [Jiyva's grace]
 15327 | D:10     | Lost mutation: Your translucent skin slightly reduces your
                  | foes' accuracy. (Stealth+) [Jiyva's grace]
 15327 | D:10     | Gained mutation: You expend magic power (3 MP) to
                  | strengthen your wands. [Jiyva's grace]
 15327 | D:10     | Gained mutation: You have a pair of small antennae on your
                  | head. [Jiyva's grace]
 15327 | D:10     | Gained mutation: You have a pair of antennae on your head.
                  | [Jiyva's grace]
 15327 | D:10     | Gained mutation: You have a pair of large antennae on your
                  | head. (SInv) [Jiyva's grace]
 15709 | D:10     | Noticed a cyan very ugly thing
 15718 | D:10     | Killed a cyan very ugly thing
 15726 | D:10     | Reached skill level 9 in Shields
 16494 | D:11     | Noticed Erica
 16511 | D:11     | Killed Erica
 16718 | D:11     | Lost mutation: You have a pair of large antennae on your
                  | head. (SInv) [Jiyva's grace]
 16718 | D:11     | Lost mutation: You have a pair of antennae on your head.
                  | [Jiyva's grace]
 16718 | D:11     | Lost mutation: Your flesh is almost immune to the effects
                  | of cold. (rC+++) [Jiyva's grace]
 16718 | D:11     | Lost mutation: Your flesh is very cold resistant. (rC++)
                  | [Jiyva's grace]
 16718 | D:11     | Lost mutation: You are very robust. (+20% HP) [Jiyva's
                  | grace]
 16718 | D:11     | Lost mutation: You are covered in slimy tendrils that may
                  | disarm your opponents. [Jiyva's grace]
 16718 | D:11     | Lost mutation: You expend magic power (3 MP) to strengthen
                  | your wands. [Jiyva's grace]
 16718 | D:11     | Gained mutation: Your spells are a little harder to cast,
                  | but a little more powerful. [Jiyva's grace]
 16718 | D:11     | Gained mutation: Your spells are harder to cast, but more
                  | powerful. [Jiyva's grace]
 16718 | D:11     | Gained mutation: Your spells are much harder to cast, but
                  | much more powerful. [Jiyva's grace]
 16718 | D:11     | Gained mutation: Your rubbery body absorbs attacks. (AC +1,
                  | EV +1) [Jiyva's grace]
 16777 | D:11     | Found a staircase to the Orcish Mines.
 16808 | Orc:1    | Entered Level 1 of the Orcish Mines
 16895 | Orc:1    | Noticed Clumpoid's ghost (journeyman TrMo)
 16904 | Orc:1    | Found a transporter.
 16944 | Orc:1    | Found a transporter.
 16960 | Orc:1    | Gained mutation: You are dopey. (Int -2) [a neqoxec]
 16966 | Orc:1    | Gained mutation: Armour fits poorly on your strangely
                  | shaped body. [a neqoxec]
 16969 | Orc:1    | Killed Clumpoid's ghost
 16970 | Orc:1    | Gained mutation: You are very dopey. (Int -4) [a neqoxec]
 16975 | Orc:1    | Got the ring of the Tempest {rPois Dex+6}
 17089 | Orc:1    | Reached skill level 10 in Shields
 17577 | Orc:2    | Entered Level 2 of the Orcish Mines
 17580 | Orc:2    | Found a bloodstained altar of Trog.
 17588 | Orc:2    | Found a staircase to the Elven Halls.
 17869 | Orc:2    | Lost mutation: Your flesh is cold resistant. (rC+) [Jiyva's
                  | grace]
 17869 | Orc:2    | Lost mutation: Armour fits poorly on your large pseudopods.
                  | [Jiyva's grace]
 17869 | Orc:2    | Lost mutation: You have a small jelly attached to you that
                  | senses nearby items. [Jiyva's grace]
 17869 | Orc:2    | Gained mutation: You expend magic power (3 MP) to
                  | strengthen your wands. [Jiyva's grace]
 17869 | Orc:2    | Gained mutation: You have hidden genetic potential.
                  | [Jiyva's grace]
 17869 | Orc:2    | Gained mutation: You have great hidden genetic potential.
                  | [Jiyva's grace]
 17869 | Orc:2    | Gained mutation: You have a pair of antennae on your head.
                  | [Jiyva's grace]
 18051 | Orc:2    | Found Zezaxena's Armour Shop.
 18052 | Orc:2    | Found Gipur's Distillery.
 18063 | Orc:2    | Reached XP level 15. HP: 68/90 MP: 12/16
 18076 | Orc:2    | Reached skill level 11 in Shields
 18349 | Orc:2    | Found Cumacoas's Book Emporium.
 18362 | Orc:2    | Found Kyfaithonil's Jewellery Shop.
 18380 | Orc:2    | Bought 2 potions of curing for 84 gold pieces
 18380 | Orc:2    | Bought a potion of mutation for 112 gold pieces
 18380 | Orc:2    | Bought a potion of haste for 140 gold pieces
 18380 | Orc:2    | Bought a potion of berserk rage for 70 gold pieces
 18380 | Orc:2    | Bought a potion of brilliance for 56 gold pieces
 18664 | Snake:1  | Entered Level 1 of the Snake Pit
 18832 | Snake:1  | Reached skill level 15 in Armour
 18862 | Snake:1  | Reached skill level 12 in Shields
 19352 | Snake:1  | Found Deux's Jewellery Emporium.
 19353 | Snake:1  | Found Vekakyi's Book Shop.
 19355 | Snake:1  | Found Foyku's Jewellery Emporium.
 19372 | Snake:1  | Bought the ring of Satyriasis {rElec rCorr Dex+3} for 765
                  | gold pieces
 19609 | Snake:2  | Reached skill level 1 in Stealth
 19672 | Snake:2  | Lost mutation: You are very dopey. (Int -4) [hidden
                  | potential]
 19978 | Snake:2  | Reached skill level 13 in Shields
 20103 | Snake:2  | Noticed Nikola
 20108 | Snake:2  | Slimified Nikola
 20108 | Snake:2  | Noticed Nikola
 20108 | Snake:2  | Nikola changed into Nikola the azure jelly
 20390 | Snake:2  | Noticed a nagaraja
 20398 | Snake:2  | Killed a nagaraja
 20399 | Snake:2  | HP: 2/90 [salamander (10)]
 20637 | Snake:2  | Lost mutation: Your spells are much harder to cast, but
                  | much more powerful. [Jiyva's grace]
 20637 | Snake:2  | Lost mutation: You have great hidden genetic potential.
                  | [Jiyva's grace]
 20637 | Snake:2  | Lost mutation: You expend magic power (3 MP) to strengthen
                  | your wands. [Jiyva's grace]
 20637 | Snake:2  | Gained mutation: You passively map a small area around you.
                  | [Jiyva's grace]
 20637 | Snake:2  | Gained mutation: You passively map the area around you.
                  | [Jiyva's grace]
 20637 | Snake:2  | Gained mutation: You passively map a large area around you.
                  | [Jiyva's grace]
 20637 | Snake:2  | Gained mutation: You are covered in slimy tendrils that may
                  | disarm your opponents. [Jiyva's grace]
 20823 | Snake:3  | Reached XP level 16. HP: 86/95 MP: 13/17
 20865 | Snake:3  | Reached skill level 14 in Shields
 21588 | Snake:4  | Entered Level 4 of the Snake Pit
 21701 | Snake:4  | Reached skill level 15 in Shields
 21762 | Snake:4  | Noticed a nagaraja
 21765 | Snake:4  | Noticed a nagaraja
 21767 | Snake:4  | Noticed a nagaraja
 21782 | Snake:4  | Killed a nagaraja
 21784 | Snake:4  | Killed a nagaraja
 21787 | Snake:4  | Killed a nagaraja
 21789 | Snake:4  | Noticed a nagaraja
 21802 | Snake:4  | Killed a nagaraja
 21860 | Snake:4  | Noticed a nagaraja
 21869 | Snake:4  | Killed a nagaraja
 21888 | Snake:4  | Noticed a nagaraja
 21901 | Snake:4  | Killed a nagaraja
 21927 | Snake:4  | Noticed a nagaraja
 21937 | Snake:4  | Gained mutation: Your flesh is heat resistant. (rF+)
                  | [hidden potential]
 21937 | Snake:4  | Lost mutation: You have hidden genetic potential. [hidden
                  | potential expressed]
 21965 | Snake:4  | Slimified a nagaraja
 21965 | Snake:4  | Noticed an acid blob
 21965 | Snake:4  | a nagaraja changed into an acid blob
 21969 | Snake:4  | Killed an acid blob
 22082 | Snake:4  | Upgraded the game from 0.28-a0-1387-g3a22ab9bdc to
                  | 0.28-a0-1518-gbe868bca14
 22107 | Snake:4  | Noticed a nagaraja
 22129 | Snake:4  | Killed a nagaraja
 22130 | Snake:4  | Reached skill level 16 in Shields
 22159 | Snake:4  | Noticed a nagaraja
 22177 | Snake:4  | Slimified a nagaraja
 22177 | Snake:4  | Noticed an acid blob
 22177 | Snake:4  | a nagaraja changed into an acid blob
 22455 | Snake:4  | Mangled by a salamander

Illustrated notes

Levels and vault maps discovered:
D:1:      matt_arrival_spirals, layout_basic
D:2:      layout_basic, ebering_ecumenical_altar_ruins,
          pf_guarded_unrand_woodcutter
D:3:      layout_loops_cross, chequers_serial_rivers_room_b,
          minmay_misc_feat_rugged, kennysheep_generic_room_6, uniq_grinder,
          uniq_natasha
D:4:      minmay_octagon_keep, layout_basic, grunt_gozag_breadcrumbs,
          gammafunk_ghost_arena
D:5:      layout_basic, minmay_temple_entry_mini_moons, uniq_edmund
D:6:      layout_basic, lemuel_round_altar, hangedman_abyss_or_decor_lesser_grid
D:7:      layout_loops_ring, uniq_crazy_yiuf_cottage
D:8:      layout_cave_pods, lair_entry_dummy, nicolae_zen_rock_garden
D:9:      minmay_opposing_rooms, layout_rooms, serial_bayou_pond_e,
          grunt_decor_resistance, minmay_checkerbox, uniq_erolcha
D:10:     cheibrodos_breeding_chamber, layout_layer_cave, skrybe_limestone_x
D:11:     layout_basic, minmay_orc_entry_temple_small, uniq_erica
Lair:1:   layout_roguey, kennysheep_abandoned_house
Lair:2:   layout_loops_ring, spider_nest_entry_rubble, beast_lair_carwin_4,
          uniq_sonja, uniq_gastronok
Lair:3:   layout_loops_ring, st_stairs_7
Lair:4:   layout_concentric_octagons, minmay_snake_entry_spellcaster,
          infiniplex_staircase_pool_2, grunt_megastairs_1
Lair:5:   layout_cave_pods
Lair:6:   evil_forest, layout_cave_pods, dpeg_slime_entry_corner,
          serial_bayou_shore_b, grunt_megastairs_2, lemuel_fruit_fields
Snake:1:  layout_misc_corridors, grunt_megastairs_3, minmay_shop_grove
Snake:2:  layout_chambers, nicolae_elevator_lobby_plus, grunt_megastairs_5,
          uniq_nikola
Snake:3:  layout_gridlike, serial_curves, eino_curves_02, eino_curves_02,
          serial_bayou_shore_a
Snake:4:  grunt_snake_rune_spirals, layout_onion_interference
Spider:1: layout_spider_delve, nicolae_spider_swamp_cousins, uniq_roxanne
Slime:1:  layout_caves, nicolae_slime_barrier
Slime:2:  layout_caves
Slime:3:  layout_caves
Slime:4:  layout_caves
Slime:5
Orc:1:    layout_caves, gammafunk_ghost_stat_death
Orc:2:    st_orc_open, layout_diamond_mine, basic_altar
Hell

Skill      XL: |  1  2  3  4  5  6  7  8  9 10 11 12 13 14 15 16 |
---------------+-------------------------------------------------+-----
Long Blades    | 2 |  2.5
Fighting       | 3 4 5 6 8 9 10 11 | 11.0
Armour         | 3 4 6 8 9 11 12 13 14 15 | 15.1
Shields        | 3 4 6 10 13 16 | 16.6
Axes           | 1 2 3 4 5 7 8 9 10 11 | 11.0
Stealth        | 4 |  4.2

Action                   |  1- 3 |  4- 6 |  7- 9 | 10-12 | 13-15 | 16-18 || total
-------------------------+-------+-------+-------+-------+-------+-------++-------
Melee: Long sword        |    63 |     5 |       |       |       |       ||    68
       Bite              |    19 |     6 |    55 |   142 |   385 |   152 ||   759
       War axe           |       |    36 |   171 |   379 |   865 |   270 ||  1721
       Pseudopods        |       |       |    11 |    88 |   223 |    85 ||   407
Throw: Boomerang         |       |       |       |       |     1 |       ||     1
Invok: Slimify           |       |       |       |     7 |     3 |     3 ||    13
       Oozemancy         |       |       |       |       |     2 |     2 ||     4
  Use: Potion            |       |     1 |     1 |       |     1 |       ||     3
       Scroll            |       |       |       |     3 |     7 |       ||    10
 Stab: Confused          |       |       |       |     3 |    14 |     1 ||    18
       Distracted        |       |       |       |     1 |     1 |     1 ||     3
Armor: Scale mail        |    14 |     9 |    36 |   102 |    37 |       ||   198
       Chain mail        |       |       |       |       |   378 |    86 ||   464
Dodge: Dodged            |    23 |    10 |    43 |   167 |   391 |    64 ||   698
       Repelled          |       |       |       |       |    13 |    24 ||    37
Block: Buckler           |    13 |     2 |    31 |    84 |   240 |       ||   370
       Tower shield      |       |       |       |       |   107 |       ||   107
       Kite shield       |       |       |       |       |    29 |   230 ||   259

Table legend: (Time is in decaauts)
 A = Elapsed time spent in this place.
 B = Non-inter-level travel time spent in this place.
 C = Inter-level travel time spent in this place.
 D = Time resting spent in this place.
 E = Time spent auto-exploring this place.
 F = Levels seen in this place.
 G = Mean time per level.
                   A        B        C        D        E       F      G
               +--------+--------+--------+--------+--------+-----+--------+
         Total |  22657 |  21332 |   1325 |    957 |  14754 |  30 |  755.2 |
       Dungeon |   9696 |   9083 |    613 |    593 |   6630 |  11 |  881.5 |
          Lair |   5806 |   5431 |    375 |    255 |   3519 |   6 |  967.7 |
     Snake Pit |   3809 |   3710 |     99 |     76 |   2202 |   4 |  952.2 |
   Spider Nest |     39 |     39 |      0 |      0 |      0 |   1 |   39.0 |
    Slime Pits |   1662 |   1551 |    111 |      0 |   1422 |   5 |  332.4 |
  Orcish Mines |   1640 |   1515 |    125 |     33 |    980 |   2 |  820.0 |
          Hell |      1 |      1 |      0 |      0 |      0 |   1 |    1.0 |
               +--------+--------+--------+--------+--------+-----+--------+

Top non-repeatable levels by time:
  Lair:6: 1411 daAuts
     D:1: 1380 daAuts
    D:10: 1365 daAuts
 Snake:2: 1355 daAuts
     D:8: 1041 daAuts
     D:2: 1030 daAuts
  Lair:5: 1014 daAuts
  Lair:2: 945 daAuts
  Lair:4: 928 daAuts
   Orc:1: 889 daAuts
 Snake:4: 867 daAuts
 Snake:3: 837 daAuts
     D:3: 794 daAuts
     D:5: 794 daAuts
     D:4: 759 daAuts
